[Event "Titled Tuesday Blitz February 01 A 2022"]
[White "Ter-Sahakyan, Samvel"]
[Black "Madaminov, Mukhiddin"]
[WhiteFideId "13302531"]
[BlackFideId "14210703"]
[WhiteElo "2592"]
[BlackElo "1916"]
[Result "0-1"]
[Round "11"]
[TimeControl "180+1"]
[Date "2022.02.01"]
[WhiteClock "0:00:02"]
[BlackClock "0:00:10"]

1. Nf3 Nf6 2. g3 d5 3. Bg2 c6 4. O-O Bg4 5. c4 e6 6. Qb3 Qb6 7. d3 Nbd7 8. Qc2 Be7 9. Be3 Qd8 10. Qb3 b6 11. cxd5 cxd5 12. Nc3 O-O 13. Bf4 Nc5 14. Qd1 Rc8 15. h3 Bxf3 16. Bxf3 Bd6 17. Bd2 a6 18. Rc1 b5 19. Bg2 d4 20. Nb1 e5 21. Bg5 h6 22. Bxf6 Qxf6 23. Nd2 Qe6 24. Nb3 Na4 25. Qd2 Be7 26. h4 h5 27. Rxc8 Rxc8 28. Rc1 g6 29. Bf3 Kg7 30. Kg2 Qd7 31. a3 Qe6 32. Na5 Rxc1 33. Qxc1 Qa2 34. Qc7 Qe6 35. Nc6 Bd6 36. Qa7 Nxb2 37. Qxa6 Nd1 38. Qxb5 Nc3 39. Qb7 Bxa3 40. Nd8 Qe7 41. Qa8 Bd6 42. Nb7 Bc7 43. Qc8 f5 44. Bc6 e4 45. Nc5 Qxc5 46. Qxc7+ Kh6 47. dxe4 fxe4 48. Qf4+ Kg7 49. Bxe4 Nxe2 50. Qf3 Nc3 51. Bd3 Qe5 52. Qb7+ Kh6 53. Qc6 Qd5+ 54. Qxd5 Nxd5 55. Kf3 Nc3 56. Kf4 Kg7 57. Ke5 Nd1 58. f4 Nf2 59. Kxd4 Kf6 60. Ke3 Ng4+ 61. Ke2 Nh6 62. Be4 Nf7 63. Kd3 Nd6 64. Kd4 Nf7 65. Bd3 Nh6 66. Kd5 Ng4 67. Ke4 Nf2+ 68. Ke3 Ng4+ 69. Ke2 Nh6 70. Be4 Nf7 71. Ke3 Nd6 72. Kd3 Nf7 73. Kd4 Nh6 74. Kd5 Ng4 75. Kd6 Ne3 76. Kc5 Nf1 77. Kd4 Nxg3 78. Kd3 Nf5 79. Ke2 Nxh4 80. Bd3 Ng2 81. Bc2 Nxf4+ 82. Kf3 Ne6 83. Bb1 Ng5+ 84. Kf4 Nf7 85. Kf3 g5 86. Kg3 Ne5 87. Bc2 h4+ 88. Kh3 Ke6 89. Be4 Kd6 90. Kg2 Kc5 91. Bf5 Kd4 92. Be6 Ke4 93. Bc8 Kf4 94. Be6 g4 95. Kf2 h3 96. Kg1 Kg3 97. Bf5 Nf3+ 98. Kh1 Nh4 99. Be6 Ng6 100. Bf5 Nf4 101. Bd7 Nd3 102. Bc6 Nf2+ 103. Kg1 h2+ 104. Kf1 h1=Q+ 105. Bxh1 Nxh1 0-1


[Site "https://www.chess.com"]

[Event "Titled Tuesday Blitz February 01 A 2022"]
[White "Urazayev, Arystanbek"]
[Black "Nogerbek, Kazybek"]
[WhiteFideId "13709810"]
[BlackFideId "13710427"]
[WhiteElo "2321"]
[BlackElo "2478"]
[Result "1-0"]
[Round "11"]
[TimeControl "180+1"]
[Date "2022.02.01"]
[WhiteClock "0:01:43"]
[BlackClock "0:01:18"]

1. e4 c5 2. Nf3 d6 3. d4 cxd4 4. Nxd4 Nf6 5. Nc3 a6 6. Rg1 g6 7. g4 Bg7 8. Be2 Nc6 9. Be3 h5 10. gxh5 Nxh5 11. Nd5 Rb8 12. Bxh5 Rxh5 13. Qxh5 gxh5 14. Rxg7 Kd7 15. Rxf7 1-0


[Site "https://www.chess.com"]

[Event "Titled Tuesday Blitz February 01 A 2022"]
[White "Vantika, Agrawal"]
[Black "Kosteniuk, Alexandra"]
[WhiteFideId "25050389"]
[BlackFideId "4128125"]
[WhiteElo "2075"]
[BlackElo "2469"]
[Result "0-1"]
[Round "11"]
[TimeControl "180+1"]
[Date "2022.02.01"]
[WhiteClock "0:00:01"]
[BlackClock "0:00:42"]

1. d4 Nf6 2. c4 e6 3. g3 d5 4. Bg2 dxc4 5. Nf3 a6 6. O-O Nc6 7. Bg5 Be7 8. e3 Nd5 9. Bxe7 Ncxe7 10. Ne5 b5 11. Nd2 O-O 12. Ne4 f6 13. Nf3 Rb8 14. Qe2 Rb6 15. Rfc1 Bb7 16. Nc5 Ba8 17. e4 Nb4 18. a3 Nd3 19. Nxd3 cxd3 20. Qxd3 f5 21. exf5 Nxf5 22. Rd1 Rd6 23. d5 Bxd5 24. Qc3 Qa8 25. Ne1 Bxg2 26. Nxg2 Rfd8 27. Rxd6 cxd6 28. Nf4 e5 29. Ne2 Qd5 30. Qe1 Rc8 31. Nc3 Qf3 32. Rd1 Rf8 33. Rd2 Nd4 34. Ne4 d5 35. Nc5 Qf6 36. Rxd4 exd4 37. Nd3 Qf5 38. Nf4 Qe4 39. Qd2 h6 40. h4 Re8 41. h5 Qe1+ 42. Qxe1 Rxe1+ 43. Kg2 Rb1 44. Nxd5 Rxb2 45. Kf3 Rb3+ 46. Ke4 Rxa3 47. Kxd4 Ra2 48. f4 Rg2 49. Nc7 a5 50. Nxb5 Rxg3 51. Kc5 Rh3 0-1


[Site "https://www.chess.com"]

[Event "Titled Tuesday Blitz February 01 A 2022"]
[White "Visakh N R"]
[Black "Aravindh, Chithambaram VR."]
[WhiteFideId "25012223"]
[BlackFideId "5072786"]
[WhiteElo "2454"]
[BlackElo "2561"]
[Result "1-0"]
[Round "11"]
[TimeControl "180+1"]
[Date "2022.02.01"]
[WhiteClock "0:00:29"]
[BlackClock "0:00:05"]

1. e4 e6 2. d4 d5 3. Bd3 dxe4 4. Bxe4 Nf6 5. Bf3 Nc6 6. Ne2 e5 7. Bxc6+ bxc6 8. O-O e4 9. Nbc3 Bd6 10. Ng3 Bxg3 11. fxg3 h6 12. h3 O-O 13. Bf4 Re8 14. Be5 Nd5 15. Qh5 f5 16. Qg6 Rxe5 17. dxe5 Ne7 18. Rad1 Qf8 19. Qh5 Ba6 20. Rfe1 Rb8 21. b3 Kh8 22. Rd7 Ng8 23. Rf7 Qc5+ 24. Kh2 Qxc3 25. Qxf5 Re8 26. Rxe4 Qxc2 27. Qg6 1-0


[Site "https://www.chess.com"]

[Event "Titled Tuesday Blitz February 01 A 2022"]
[White "Vokhidov, Shamsiddin"]
[Black "Nesterov, Arseniy"]
[WhiteFideId "14204223"]
[BlackFideId "24198455"]
[WhiteElo "2611"]
[BlackElo "2489"]
[Result "0-1"]
[Round "11"]
[TimeControl "180+1"]
[Date "2022.02.01"]
[WhiteClock "0:00:03"]
[BlackClock "0:00:05"]

1. e4 e5 2. Nf3 Nc6 3. Bb5 a6 4. Ba4 b5 5. Bb3 Na5 6. O-O d6 7. d4 exd4 8. Re1 Nxb3 9. axb3 c5 10. c3 dxc3 11. Nxc3 Be6 12. Bg5 Be7 13. Bxe7 Nxe7 14. Ng5 O-O 15. Qh5 h6 16. Nxe6 fxe6 17. Rad1 Nc6 18. e5 d5 19. Qg6 Qe8 20. Qg4 Qf7 21. f3 Qf5 22. Qg3 c4 23. bxc4 bxc4 24. Ra1 Rfb8 25. Re2 Rb4 26. Qf2 Nxe5 27. Qc5 Nd3 28. Qc6 Rab8 29. Rxe6 Rxb2 30. Rf1 Qg5 31. g3 Qd2 32. Ne2 R2b5 33. Re7 Qg5 34. Qe6+ Kh8 35. h4 Qf6 36. Qd7 Rb1 37. Qe8+ Kh7 38. Rxb1 Rxe8 39. Kg2 Rxe7 40. Ng1 Ne1+ 41. Kf1 Nc2 42. Rb2 Ne3+ 43. Kf2 Qxb2+ 44. Ne2 Nd1+ 0-1


[Site "https://www.chess.com"]

[Event "Titled Tuesday Blitz February 01 A 2022"]
[White "Wieczorek, Oskar"]
[Black "Salinas Herrera, Pablo"]
[WhiteFideId "1133950"]
[BlackFideId "3407128"]
[WhiteElo "2319"]
[BlackElo "2541"]
[Result "0-1"]
[Round "11"]
[TimeControl "180+1"]
[Date "2022.02.01"]
[WhiteClock "0:00:03"]
[BlackClock "0:00:07"]

1. e4 e5 2. Nf3 Nc6 3. Nc3 Nf6 4. a3 d5 5. Bb5 Nxe4 6. Qe2 Nxc3 7. Qxe5+ Qe7 8. dxc3 Bd7 9. Qxe7+ Bxe7 10. Bf4 O-O-O 11. O-O-O Bg4 12. Rde1 Bf6 13. Bxc6 bxc6 14. Ne5 Bxe5 15. Rxe5 Be6 16. Be3 a6 17. Re1 Kd7 18. Bd4 Rhg8 19. Rh5 h6 20. Rhe5 Rde8 21. Bc5 g5 22. f3 Rg6 23. g4 Rf6 24. R5e3 h5 25. Bd4 Rh6 26. h3 hxg4 27. hxg4 Rh3 28. Bf6 Rg8 29. b3 Rg6 30. Be5 Rgh6 31. a4 c5 32. b4 Kc6 33. bxc5 Rh1 34. Bd4 Rxe1+ 35. Rxe1 Rh3 36. Re3 Rh2 37. Re5 Rh3 38. Re3 Rh1+ 39. Kd2 Rh2+ 40. Kc1 Rh3 41. Kb2 Rh1 42. Kb3 Rb1+ 43. Ka3 Rf1 44. Kb4 Rb1+ 45. Ka5 Ra1 46. Re5 Ra2 47. Rxg5 Rxc2 48. Kxa6 Ra2 49. Ka5 Kb7 50. Kb4 Bd7 51. Kb3 Rxa4 52. Rg7 Ra1 53. Rxf7 Bb5 54. Kc2 Ra2+ 55. Kd1 Rg2 56. Ke1 Bc4 57. Be5 Re2+ 0-1


[Site "https://www.chess.com"]

[Event "Titled Tuesday Blitz February 01 A 2022"]
[White "Wong, Yinn Long"]
[Black "Lin, Dachey"]
[WhiteFideId "5707684"]
[BlackFideId "2029650"]
[WhiteElo "2055"]
[BlackElo "2689"]
[Result "0-1"]
[Round "11"]
[TimeControl "180+1"]
[Date "2022.02.01"]
[WhiteClock "0:00:04"]
[BlackClock "0:00:17"]

1. d4 g6 2. e4 Bg7 3. Nc3 d5 4. Nxd5 c6 5. Ne3 Qxd4 6. Qxd4 Bxd4 7. Nf3 Bg7 8. e5 Nd7 9. e6 fxe6 10. c3 Ngf6 11. Bc4 Nb6 12. Bb3 a5 13. Nd4 Nbd5 14. Bd2 Ne4 15. Nf3 O-O 16. Bc2 Nxd2 17. Kxd2 Bh6 18. Rae1 b6 19. Kc1 a4 20. a3 Bb7 21. Kb1 Nxe3 22. fxe3 c5 23. Rhf1 Rad8 24. Bxa4 Bxf3 25. gxf3 Rd2 26. h3 Rh2 27. Bb3 Kf7 28. Rh1 Rxh1 29. Rxh1 Rd8 30. f4 Kf6 31. Kc2 e5 32. Rf1 exf4 33. exf4 Rd7 34. Bc4 Rd6 35. Rf2 Kg7 36. Re2 Kf8 37. Kb3 Bxf4 38. Rf2 g5 39. Ka4 Kg7 40. Kb5 e5 41. b4 cxb4 42. axb4 h5 43. Be2 Rd2 44. Rg2 Be3 45. c4 Kf6 46. Bf3 Rxg2 47. Bxg2 Kf5 48. Kc6 g4 49. hxg4+ hxg4 50. Kd5 Kf4 51. c5 bxc5 52. bxc5 Bd4 53. Bh1 Bg1 54. Bg2 Bf2 55. Bh1 Bd4 56. Bg2 Bc3 57. Bh1 Ba5 58. Bg2 Bc7 59. Kc6 Bd8 60. Kd5 Be7 61. c6 Bd8 62. Kd6 e4 63. Kd7 Ba5 64. Kd6 e3 65. Bf1 g3 66. c7 Bxc7+ 67. Kxc7 g2 68. Bxg2 e2 69. Bc6 e1=Q 70. Kd6 Qe3 71. Kd7 Qe5 72. Bb7 Ke3 73. Kc6 Kd4 74. Kb6 Qc5+ 75. Ka6 Ke5 76. Ba8 Kd6 77. Bb7 Kc7 78. Bd5 Qb6# 0-1


[Site "https://www.chess.com"]

[Event "Titled Tuesday Blitz February 01 A 2022"]
[White "Yeletsky, Ivan"]
[Black "Shimelkov, Vasiliy"]
[WhiteFideId "24180327"]
[BlackFideId "13701630"]
[WhiteElo "2348"]
[BlackElo "2073"]
[Result "1-0"]
[Round "11"]
[TimeControl "180+1"]
[Date "2022.02.01"]
[WhiteClock "0:00:07"]
[BlackClock "0:00:12"]

1. e4 c5 2. Nf3 Nc6 3. Nc3 e6 4. Bb5 Nge7 5. O-O a6 6. Be2 d5 7. exd5 Nxd5 8. Nxd5 Qxd5 9. b3 Be7 10. Bb2 O-O 11. Re1 b5 12. a4 Bb7 13. axb5 axb5 14. Bxb5 Nd4 15. Bxd4 cxd4 16. Bc4 Qc5 17. Qe2 Bf6 18. Bd3 Rxa1 19. Rxa1 e5 20. Be4 Bc8 21. Ra8 Be6 22. Rxf8+ Kxf8 23. h3 g6 24. g4 Kg7 25. Kg2 h6 26. Ne1 Bh4 27. Nf3 Bf6 28. Qa6 Qb4 29. Qc6 Qa5 30. Qb7 Qc5 31. b4 Qd6 32. b5 Bd8 33. Qc6 Qxc6 34. Bxc6 f6 35. d3 Kf7 36. Nd2 Ke7 37. Kg3 Bb6 38. f4 exf4+ 39. Kxf4 Bc7+ 40. Kf3 Kd6 41. Ne4+ Ke5 42. Nc5 Bc8 43. Na4 f5 44. b6 Bb8 45. b7 Be6 46. Nc5 Kd6 47. Nxe6 Kxe6 48. Be8 Kf6 49. Bd7 Bc7 50. Bc8 Bb8 51. gxf5 gxf5 52. Bd7 Bc7 53. Bb5 Bb8 54. Bc4 Bc7 55. Bb5 Bb8 56. Bd7 Bc7 57. Ke2 Bb8 58. Kd2 Ke5 59. c3 f4 60. Bg4 Bc7 61. Kc2 Bb8 62. Kb3 Bc7 63. Kc4 dxc3 64. Kxc3 Kd5 65. Bf3+ Kd6 66. d4 Bb8 67. Kc4 Ba7 68. Kd3 Bb8 69. Ke4 Ke6 70. Bg4+ Kf6 71. Kd5 Ke7 72. Kc6 Kf6 73. Bf3 Ke7 74. Be4 Bd6 75. Kb6 Bb8 76. Kc5 Bd6+ 77. Kc4 Bb8 78. Bg2 Bc7 79. Kd3 Bb8 80. Ke4 Kf6 81. Bf3 Bc7 82. Bg4 Bb8 83. Kd5 Ke7 84. Be2 Bc7 85. Bd1 Bb8 86. Ke4 Kf6 87. Kf3 Ke7 88. Bb3 Kf6 89. Bc2 Bc7 90. Be4 Bb8 91. Ke2 Bc7 92. Kd3 Bb8 93. Kc4 Bc7 94. Kb5 Bb8 95. Kc6 Ke7 96. d5 Bd6 97. Kb6 Bb8 98. Bf3 Bd6 99. Ka7 Kf6 100. b8=Q Bxb8+ 101. Kxb8 1-0